 Dungeon Crawl Stone Soup version 0.22-a0-469-gf26638a (webtiles) character file.

114553 Laiders72 the Tortoise (level 17, -10/142 HPs)
             Began as a Formicid Fighter on June 11, 2018.
             Was the Champion of Ashenzari.
             Mangled by Mara (illusionary)
             ... wielding a +4 demon blade of draining
              (15 damage)
             ... on level 3 of the Shoals on June 12, 2018.
             The game lasted 01:55:35 (36331 turns).

Laiders72 the Tortoise (Formicid Fighter)          Turns: 36331, Time: 01:55:36

Health: -10/142    AC: 23    Str: 25    XL:     17   Next: 21%
Magic:  0/23       EV: 13    Int: 10    God:    Ashenzari [******]
Gold:   1505       SH: 12    Dex: 14    Spells: 16/16 levels left

rFire    + . .     SeeInvis +   z - +3 dire flail (curse)
rCold    . . .     Gourm    .   c - +0 shield (curse)
rNeg     . . .     Faith    .   d - +0 plate armour
rPois    .         Spirit   +   (helmet unavailable)
rElec    .         Reflect  .   E - +2 cloak {MR+} (curse)
rCorr    .         Harm     .   t - +1 pair of gloves {Str+3} (curse)
MR       +++..     Clarity  +   O - +0 pair of boots
Stlth    ..........             p - amulet of guardian spirit
HPRegen  0.33/turn              X - ring of protection from magic
MPRegen  0.18/turn              m - ring of protection from fire

@: studying Crossbows, heavily drained
A: permanent stasis, dig shafts and tunnels, four strong arms, antennae 3
a: Dig, Shaft Self, Curse Item, Scrying, Transfer Knowledge, Renounce Religion


You were on level 3 of the Shoals.
You worshipped Ashenzari.
Ashenzari was exalted by your worship.
You were not hungry.

You visited 4 branches of the dungeon, and saw 24 of its levels.
You also visited: Labyrinth and Sewer.

You collected 2244 gold pieces.
You spent 739 gold pieces at shops.

Inventory:

Hand Weapons
 z - a cursed +3 dire flail (weapon)
Missiles
 s - 41 javelins
 y - 63 tomahawks (quivered)
 T - 4 throwing nets
Armour
 c - a cursed +0 shield (worn)
 d - a +0 plate armour (worn)
 t - a cursed +1 pair of gloves of strength (worn)
 E - a cursed +2 cloak of magic resistance (worn)
 O - a +0 pair of boots (worn)
Jewellery
 i - an uncursed ring of positive energy
 j - an uncursed ring of positive energy
 k - a +4 amulet of reflection
 m - a ring of protection from fire (right hand)
 p - an amulet of guardian spirit (around neck)
 v - the ring "Qegifiv" {Wiz rF+}
   (You found it on level 13 of the Dungeon)

   [ring of wizardry]

   It improves your spell success rate.
   It protects you from fire.
 X - a ring of protection from magic (left hand)
Wands
 x - a wand of digging (58)
 A - a wand of acid (23)
 C - a wand of clouds (5)
 G - a wand of iceblast (26)
 K - a wand of paralysis (20)
 P - a wand of flame (17)
 Q - a wand of disintegration (13)
 U - a wand of enslavement (6)
Scrolls
 b - 6 scrolls of remove curse
 e - 7 scrolls of enchant weapon
 l - 2 scrolls of magic mapping
 n - a scroll of torment
 o - 3 scrolls of amnesia
 w - 3 scrolls of fear
 B - a scroll of holy word {unknown}
 D - a scroll of fog {unknown}
 F - a scroll of enchant armour
 H - 7 scrolls of identify
 Y - a scroll of noise {unknown}
 Z - a scroll of random uselessness {unknown}
Potions
 g - a potion of mutation
 h - 7 potions of curing
 q - 2 potions of lignification
 r - a potion of flight
 u - 2 potions of resistance
 J - a potion of brilliance
 M - 2 potions of agility
 N - a potion of cancellation
Books
 W - a manual of Crossbows
Miscellaneous
 a - a phantom mirror
Comestibles
 f - 31 rations


   Skills:
 - Level 15.5(12.4) Fighting
 + Level 11.6(12.6) Maces & Flails
 - Level 15.6(12.4) Armour
 + Level 13.3(10.4) Dodging
 + Level 9.5(9.4) Shields
 + Level 8.5(5.8) Evocations


You had 16 spell levels left.
You didn't know any spells.
Your spell library contained the following spells:

 Spells                   Type           Power        Failure   Level  Hunger
 Apportation              Tloc           #.....       97%         1    ##.....
 Conjure Flame            Conj/Fire      #.......     100%        3    ####...
 Confuse                  Hex            #.......     100%        3    ####...
 Freezing Cloud           Conj/Ice/Air   #.........   100%        6    #######
 Mephitic Cloud           Conj/Pois/Air  #.......     100%        3    ####...
 Ring of Flames           Chrm/Fire      #.........   100%        7    #######
 Summon Small Mammal      Summ           #...         97%         1    ##.....
 Animate Dead             Necr           N/A          100%        4    #####..
 Pain                     Necr           #...         97%         1    ##.....
 Animate Skeleton         Necr           N/A          97%         1    ##.....
 Vampiric Draining        Necr           #.........   100%        3    ####...
 Regeneration             Chrm/Necr      #.........   100%        3    ####...
 Tukima's Dance           Hex            #.......     100%        3    ####...
 Confusing Touch          Hex            #.....       97%         1    ##.....
 Ensorcelled Hibernation  Hex/Ice        #.....       99%         2    ###....
 Corona                   Hex            #......      97%         1    ##.....
 Dazzling Spray           Conj/Hex       #.....       100%        3    ####...
 Poisonous Vapours        Pois/Air       #.....       99%         2    ###....


Dungeon Overview and Level Annotations

Branches:
Dungeon (13/15)            Temple (0/1) D:6            Lair (6/6) D:9
 Shoals (3/4) Lair:2        Snake (0/4) Lair:2        Slime (0/5) Lair:5
    Orc (2/2) D:12            Elf (0/3) Orc:2        Vaults (0/5) D:13

Altars:
Ashenzari
Cheibriados
Gozag
Hepliaklqana
Makhleb
Nemelex Xobeh
Qazlal
Xom
The Shining One
Beogh
Jiyva

Shops:
D:4 %   D:7 [   D:11 =   D:12 ?   Orc:2 !*}*   Shoals:2 *[*?:

Annotations:
Lair:5 exclusion: 4 oklob plants
Shoals:3 Mara


Innate Abilities, Weirdness & Mutations

You cannot be hasted, slowed, berserked, paralysed or teleported.
You can dig through walls and to a lower floor.
Your four strong arms can wield two-handed weapons with a shield.
You have a pair of large antennae on your head. (SInv)


Message History

Evoke which item? (* to show all) (? for menu, Esc to quit)
Aiming: Disintegrate
Press: ? - help, Shift-Dir - straight line, f - Mara
Aim: Mara, wielding a demon blade of draining and wearing a robe of resistance (almost dead, covered in acid, chance to defeat MR: 3%) Mara resists with almost no effort.
Mara is no longer covered in acid. x3
Mara barely misses you. Laiders72's illusion hits you!!
* * * LOW HITPOINT WARNING * * *
The merfolk hits you but does no damage.
The water elemental hits you.
* * * LOW HITPOINT WARNING * * *
Mara blinks!
Mara hits you with a demon blade of draining!
* * * LOW HITPOINT WARNING * * *
You feel drained.
* * * LOW HITPOINT WARNING * * *
Okay, then.
You block Laiders72's illusion's attack.
You block the merfolk's attack.
Mara hits you with a demon blade of draining!
You die...

≈≈≈≈...≈≈≈...........PPP≈≈≈≈ ≈
≈≈...>#.≈≈......≈≈...≈≈.≈≈≈≈≈
≈≈
≈.#####...........#.≈≈≈≈P≈≈≈ ≈
≈ ≈. #..........#.#.≈≈≈≈≈≈≈≈≈
≈ ≈.* #.........#...#.≈≈.≈≈≈
≈≈ ≈
***#.≈≈≈.......#.#.!...≈≈≈ ≈≈
≈ ...≈≈≈≈.......#......≈≈≈≈ ≈≈
≈ ≈.≈≈≈≈≈≈≈..R..........≈≈≈≈≈
≈
≈≈≈≈≈≈≈≈≈≈≈≈≈RER@.<.......≈≈≈≈
≈
≈≈≈≈≈≈≈≈≈≈≈≈≈..@.........≈≈≈≈
≈ ≈ ≈≈≈≈≈≈≈≈≈..m.........≈≈≈≈
≈≈ ≈≈≈≈
≈≈≈≈≈≈≈≈≈....!≈..≈≈≈≈≈≈≈≈ ≈≈
≈≈≈≈≈≈≈≈≈...≈≈≈≈≈≈≈≈≈≈≈≈ ≈ ≈ ≈
≈≈≈≈≈≈..(..≈≈≈≈≈≈≈≈≈≈≈ ≈≈ ≈≈≈
≈≈≈≈≈≈#...≈≈≈≈≈≈≈≈≈≈≈≈≈≈ ≈
≈≈≈≈≈≈(..(≈≈≈≈≈≈≈≈≈≈≈≈≈ ≈≈
≈≈≈≈≈≈≈≈≈≈≈≈≈≈≈≈≈≈≈≈≈≈≈ ≈


You could see 3 Maras, a merfolk, a water elemental and Laiders72's illusion.

Vanquished Creatures
  Kirke (D:13)
  A stone giant (Shoals:1)
  A minotaur (Lab)
  The ghost of Laiders72 the Blocker, a journeyman DDFi of Makhleb (D:12)
  A merfolk impaler (Shoals:2)
  2 merfolk javelineers
  The ghost of Zephyerz the Cleaver, a journeyman HOFi of Beogh (D:10)
  Josephine (Lair:6)
  6 hydras
  2 merfolk avatars (Shoals:2)
  Erica (D:11)
  3 centaur warriors
  2 two-headed ogres
  A merfolk aquamancer (Shoals:2)
  2 catoblepae (Lair:6)
  13 death yaks
  3 satyrs
  4 orc high priests
  A tengu warrior (D:13)
  11 sea snakes
  A wizard (D:13)
  2 unseen horrors
  3 harpies (Shoals:3)
  5 orc knights
  6 cyclopes (Shoals:2)
  3 ugly things
  4 fauns (Shoals:2)
  5 orc sorcerers (Orc:2)
  5 manticores
  2 oklob plants
  10 elephants
  6 black mambas
  4 merfolk sirens
  4 water nymphs
  31 spiny frogs
  2 rime drakes
  9 komodo dragons
  2 kobold demonologists (D:13)
  A hornet (D:13)
  A queen bee (D:8)
  6 trolls
  16 blink frogs
  20 merfolk
  3 tyrant leeches (Lair:6)
  6 wind drakes
  A polar bear (Lair:5)
  A slime creature (D:12)
  8 dream sheep (Shoals:2)
  5 hippogriffs
  9 snapping turtles
  2 water elementals (Shoals:2)
  2 shadows
  A vampire (D:11)
  5 hogs (D:12)
  54 yaks
  4 basilisks
  4 wraiths (Lair:6)
  3 wyverns
  2 hungry ghosts
  10 vampire mosquitoes
  4 wargs
  15 water moccasins
  2 porcupines
  17 orc warriors
  3 ice beasts
  A black bear (Lair:2)
  A necrophage (D:7)
  4 sky beasts
  An eye of draining (D:11)
  9 ogres
  3 phantoms
  19 centaurs
  12 wolves
  3 big kobolds
  6 crocodiles
  22 bullfrogs
  A water moccasin zombie (D:6)
  A gnoll sergeant (D:13)
  14 killer bees
  18 wights
  A howler monkey (D:13)
  2 electric eels (Lair:6)
  A bullfrog zombie (D:10)
  10 crimson imps
  A quasit (D:9)
  2 centaur zombies
  4 bullfrog skeletons
  5 jellies
  24 orc wizards
  14 orc priests
  12 hounds
  2 centaur skeletons
  4 iguanas
  8 worker ants
  2 hound skeletons
  A howler monkey zombie (D:5)
  2 worker ant zombies
  13 adders
  5 gnolls (D:13)
  A shadow imp (D:9)
  4 oozes (Lair:5)
  An adder skeleton (D:7)
  5 worms
  2 dart slugs
  8 leopard geckos
  84 orcs
  10 bats
  11 giant cockroaches
  9 goblins
  8 hobgoblins
  8 jackals
  4 quokkas
  6 ball pythons
  4 frilled lizards
  A giant cockroach zombie (D:5)
  11 kobolds
  9 rats
781 creatures vanquished.

Vanquished Creatures (others)
  Sonja (D:13)
  2 humans (D:13)
  A centaur (D:13)
  39 fungi
  91 plants
134 creatures vanquished.

Grand Total: 915 creatures vanquished

Notes
Turn   | Place    | Note
-------+----------+-------------------------------------------
     0 | D:1      | Laiders72 the Formicid Fighter began the quest for the Orb.
     0 | D:1      | Reached XP level 1. HP: 18/18 MP: 1/1
   279 | D:1      | Reached XP level 2. HP: 24/24 MP: 2/2
   483 | D:1      | Reached XP level 3. HP: 29/29 MP: 3/3
  1299 | D:2      | Found a shattered altar of Ashenzari.
  1351 | D:2      | Became a worshipper of Ashenzari the Shackled
  1541 | D:2      | Found a sparkling altar of Nemelex Xobeh.
  1783 | D:2      | Found a snail-covered altar of Cheibriados.
  1931 | D:3      | Reached XP level 4. HP: 21/35 MP: 4/4
  2094 | D:3      | Reached skill level 1 in Dodging
  2722 | D:4      | Reached XP level 5. HP: 40/42 MP: 5/5
  2892 | D:4      | Found Dyubiqee's Food Emporium.
  2899 | D:4      | Noticed a phantom
  2918 | D:4      | Killed a phantom
  2918 | D:4      | Reached skill level 5 in Shields
  2918 | D:4      | Reached XP level 6. HP: 22/48 MP: 6/6
  3085 | D:4      | Found a hazy altar of Hepliaklqana.
  3086 | D:4      | Found a glowing golden altar of the Shining One.
  3959 | D:5      | Entered Level 5 of the Dungeon
  3973 | D:5      | Reached XP level 7. HP: 43/54 MP: 7/7
  4043 | D:5      | Found a glowing drain.
  4127 | D:5      | HP: 2/55 [acid (5)]
  4144 | Sewer    | Entered a sewer
  4857 | D:5      | Reached XP level 8. HP: 15/61 MP: 8/8
  5210 | D:5      | Reached * piety under Ashenzari
  5464 | D:6      | Found a staircase to the Ecumenical Temple.
  5513 | D:6      | Reached skill level 5 in Maces & Flails
  5520 | D:6      | Reached skill level 5 in Armour
  5576 | D:6      | Reached skill level 5 in Fighting
  6029 | D:6      | Reached XP level 9. HP: 65/68 MP: 9/9
  6231 | D:7      | Found a stormy altar of Qazlal.
  6820 | D:7      | Found Opny's Armour Shop.
  6835 | D:7      | Bought a +2 cloak of magic resistance for 258 gold pieces
  7077 | D:8      | Noticed a hippogriff
  7102 | D:8      | Killed a hippogriff
  7610 | D:8      | Noticed a queen bee
  7952 | D:8      | Killed a queen bee
  7952 | D:8      | Reached XP level 10. HP: 43/77 MP: 10/10
  9259 | D:8      | Reached ** piety under Ashenzari
  9287 | D:8      | Reached skill level 5 in Dodging
 10304 | D:9      | Found a staircase to the Lair.
 10317 | D:9      | Reached XP level 11. HP: 84/84 MP: 11/11
 11239 | D:9      | Noticed an oklob plant
 11249 | D:9      | Killed an oklob plant
 11318 | D:10     | Entered Level 10 of the Dungeon
 11581 | D:10     | Reached skill level 10 in Maces & Flails
 11841 | D:10     | Noticed a two-headed ogre
 11841 | D:10     | Noticed Zephyerz's ghost (journeyman HOFi)
 12338 | D:10     | Killed Zephyerz's ghost
 12365 | D:10     | Killed a two-headed ogre
 12384 | D:10     | Reached *** piety under Ashenzari
 12949 | D:11     | Noticed an unseen horror
 12967 | D:11     | Killed an unseen horror
 12967 | D:11     | Reached XP level 12. HP: 90/94 MP: 12/12
 13256 | D:11     | Found Nerotu's Jewellery Emporium.
 13412 | D:11     | Noticed Erica
 13429 | D:11     | Killed Erica
 13671 | D:11     | Found a burning altar of Makhleb.
 13959 | D:12     | Found a viscous altar of Jiyva.
 14008 | D:12     | Found Waer's Magic Scroll Shoppe.
 14012 | D:12     | Bought a scroll of remove curse for 48 gold pieces
 14012 | D:12     | Bought a scroll of remove curse for 48 gold pieces
 14184 | D:12     | Noticed Laiders72's ghost (journeyman DDFi)
 14433 | D:12     | Killed Laiders72's ghost
 14433 | D:12     | Reached skill level 10 in Fighting
 14433 | D:12     | Reached skill level 10 in Armour
 14696 | D:12     | Found a staircase to the Orcish Mines.
 14707 | D:12     | Found a roughly hewn altar of Beogh.
 15052 | D:13     | Reached **** piety under Ashenzari
 15117 | D:13     | Noticed a two-headed ogre
 15129 | D:13     | Killed a two-headed ogre
 15129 | D:13     | Reached skill level 1 in Evocations
 15193 | D:13     | Found a labyrinth entrance.
 15261 | D:13     | Noticed a centaur warrior
 15280 | D:13     | Killed a centaur warrior
 15292 | Lab      | Entered a labyrinth
 16360 | Lab      | Noticed a minotaur
 16373 | Lab      | Killed a minotaur
 16373 | Lab      | Reached XP level 13. HP: 37/104 MP: 13/15
 16749 | D:13     | Noticed Kirke
 17094 | D:13     | Killed Kirke
 17269 | D:13     | Identified the ring "Qegifiv" {Wiz rF+}
 17300 | D:13     | Noticed Sonja
 17333 | D:13     | Killed Sonja
 17677 | D:13     | Found a gate to the Vaults.
 17968 | D:13     | Reached skill level 5 in Evocations
 18022 | D:13     | Noticed a centaur warrior
 18036 | D:13     | Killed a centaur warrior
 18691 | Lair:1   | Entered Level 1 of the Lair of Beasts
 18691 | Lair:1   | Noticed a six-headed hydra
 18705 | Lair:1   | Killed a six-headed hydra
 18833 | Lair:1   | Reached ***** piety under Ashenzari
 19347 | Lair:2   | Found a shimmering altar of Xom.
 19712 | Lair:2   | Found a staircase to the Shoals.
 19731 | Lair:2   | Reached XP level 14. HP: 94/114 MP: 18/18
 19893 | Lair:2   | Found a staircase to the Snake Pit.
 21389 | Lair:4   | Reached skill level 10 in Dodging
 22758 | Lair:5   | Reached ****** piety under Ashenzari
 22879 | Lair:5   | Found a staircase to the Slime Pits.
 24045 | Lair:5   | Identified the +5 falchion of Gallantry {flame, -Tele Str+6 Dex+3}
 24304 | Lair:6   | Entered Level 6 of the Lair of Beasts
 24628 | Lair:6   | Reached XP level 15. HP: 121/123 MP: 21/21
 26175 | Lair:6   | Identified the +2 falchion "Arcanum" {slice, +Inv rElec Int+2}
 27762 | Lair:6   | Noticed Josephine
 27787 | Lair:6   | Killed Josephine
 28695 | Orc:1    | Entered Level 1 of the Orcish Mines
 28778 | Orc:1    | Reached XP level 16. HP: 122/134 MP: 20/22
 29068 | Orc:2    | Entered Level 2 of the Orcish Mines
 29255 | Orc:2    | Found a staircase to the Elven Halls.
 29767 | Orc:2    | Found Asuwelei's General Store.
 30258 | Orc:2    | Found Ecrymaph's Distillery.
 30259 | Orc:2    | Found Plog's Gadget Boutique.
 30259 | Orc:2    | Found Bocleshroy's General Store.
 30491 | Orc:2    | Bought a +1 pair of gloves of strength for 280 gold pieces
 30717 | Shoals:1 | Entered Level 1 of the Shoals
 30717 | Shoals:1 | Found an opulent altar of Gozag.
 31924 | Shoals:1 | Reached skill level 15 in Armour
 32037 | Shoals:1 | Reached skill level 15 in Fighting
 32512 | Shoals:2 | Found Suvoebl Ogeo's General Store.
 32957 | Shoals:2 | Found Yjemem's Assorted Antiques.
 33697 | Shoals:2 | Found Qugolegu's Armour Boutique.
 34025 | Shoals:2 | Found Qaufot's Magic Scroll Shop.
 34349 | Shoals:2 | Bought a scroll of enchant armour for 105 gold pieces
 34369 | Shoals:2 | Found Lataoc's Book Boutique.
 34929 | Shoals:2 | Reached XP level 17. HP: 142/142 MP: 23/23
 35899 | Shoals:3 | Found a frozen archway.
 35904 | Shoals:3 | Noticed Mara
 35922 | Shoals:3 | Noticed Laiders72's illusion
 36299 | Shoals:3 | Noticed Laiders72's illusion
 36330 | Shoals:3 | HP: 7/142 [Mara/demon blade of draining (8)]
 36331 | Shoals:3 | Mangled by Mara (illusionary)

Vault maps used:
D:1:      lightli_arrival_isolated_outpost
D:2:      evilmike_ruin_ashenzari, old_standard_altar, lemuel_round_altar,
          first_ration
D:3:      minmay_misc_feat_square
D:4:      gammafunk_temple_overflow_pools, serial_shops, shop,
          minmay_snake_closets
D:5:      portal_sewer_entry_f, minmay_crystal_water
D:6:      minmay_temple_entry_statues_fountains, minmay_misc_feat_secret_circle
D:7:      nicolae_qazlal_eye_of_the_storm, serial_shops, shop
D:8:      david_nohive_1
D:9:      lair_entry_dummy, evilmike_surprise_oklob
D:10:     minmay_lizard_king
D:11:     serial_shops, shop, basic_altar, uniq_erica
D:12:     david_orc_5, serial_shops, shop_statue, jiyva_altar_1
D:13:     david_vaults_1, lab_entry_generic, uniq_sonja, uniq_kirke
Lair:1:   st_stairs_7
Lair:2:   elwin_shoals_entry_rooms, dummy_snake_entry, basic_altar
Lair:4:   grunt_megastairs_4
Lair:5:   nicolae_slime_entry_slimehenge, minmay_lair_oklob_chamber
Lair:6:   minmay_lair_end_frog_pond, uniq_josephine
Shoals:1: lemuel_oklob_altar
Shoals:2: serial_shops, nicolae_shop_trees, shop_statue,
          nicolae_shop_temple_entry_statues_fountains, nicolae_shop_statue_plus,
          shop, hangedman_shoals_cup_caves
Shoals:3: portal_ice_cave_entry_pillars_2, uniq_mara
Orc:2:    st_orc_elflike
Lab:      labyrinth_spiral, labyrinth_skeletal_remains
Sewer:    sewer_big_baddie

Skill      XL: |  1  2  3  4  5  6  7  8  9 10 11 12 13 14 15 16 |
---------------+-------------------------------------------------+-----
Shields        | 4 5 6 7 9 |  9.5
Dodging        | 1 2 3 4 5 6 8 9 10 12 13 | 13.3
Maces & Flails | 3 4 5 7 9 10 11 | 11.6
Fighting       | 4 5 6 7 8 10 11 13 14 15 | 15.5
Armour         | 4 5 6 7 9 10 11 13 14 15 | 15.6
Evocations     | 2 6 8 |  8.5

Action                   |  1- 3 |  4- 6 |  7- 9 | 10-12 | 13-15 | 16-18 || total
-------------------------+-------+-------+-------+-------+-------+-------++-------
Melee: Flail             |   126 |   217 |   629 |   750 |       |       ||  1722
       Dire flail        |       |       |       |   382 |  1632 |   948 ||  2962
Throw: Javelin           |       |       |       |     3 |       |       ||     3
       Tomahawk          |       |       |       |     3 |       |       ||     3
Invok: Curse Item        |       |     2 |     1 |       |       |     1 ||     4
       Scrying           |       |       |       |       |     1 |       ||     1
 Abil: Dig               |       |     5 |     1 |    11 |     4 |       ||    21
Evoke: Wand              |       |       |     1 |     6 |       |    13 ||    20
  Use: Scroll            |     1 |       |     6 |     9 |     7 |       ||    23
       Potion            |       |       |     6 |     2 |     7 |     3 ||    18
 Stab: Petrified         |       |       |       |       |     6 |       ||     6
       Invisible         |       |       |       |       |     3 |       ||     3
       Paralysed         |       |       |       |       |       |     2 ||     2
  Eat: Chunk             |     2 |     8 |    13 |    17 |    38 |    14 ||    92
       Ration            |       |       |     1 |     4 |     1 |     3 ||     9
Armor: Scale mail        |    60 |    86 |   115 |       |       |       ||   261
       Plate armour      |       |       |   223 |   453 |   601 |   297 ||  1574
Dodge: Dodged            |    47 |    78 |   285 |   318 |   564 |   352 ||  1644
Block: Shield            |    63 |   125 |   476 |   707 |  1388 |   521 ||  3280
       Reflection        |       |       |       |       |    22 |       ||    22

Table legend:
 A = Spawn XP
 B = Non-spawn XP
 C = Spawn XP percentage of total XP
 D = Spawn monster count
 E = Non-spawn monster count
 F = Spawn count percentage of total count
 G = Total turns spent on level
                    A         B        C        D         E        F      G
               +---------+---------+-------+---------+---------+-------+---------
         Total |       0 |  163648 |   0.0 |       0 |     783 |   0.0 | 36331
               +---------+---------+-------+---------+---------+-------+---------
           D:1 |       0 |      38 |   0.0 |       0 |      24 |   0.0 |   996
           D:2 |       0 |      29 |   0.0 |       0 |      14 |   0.0 |   925
           D:3 |       0 |      62 |   0.0 |       0 |      24 |   0.0 |   719
           D:4 |       0 |     344 |   0.0 |       0 |      23 |   0.0 |  1319
           D:5 |       0 |     638 |   0.0 |       0 |      20 |   0.0 |   976
           D:6 |       0 |     803 |   0.0 |       0 |      16 |   0.0 |   637
           D:7 |       0 |    1119 |   0.0 |       0 |      28 |   0.0 |  2196
           D:8 |       0 |    2008 |   0.0 |       0 |      23 |   0.0 |  1321
           D:9 |       0 |    3477 |   0.0 |       0 |      36 |   0.0 |  1863
          D:10 |       0 |    5367 |   0.0 |       0 |      44 |   0.0 |  1344
          D:11 |       0 |    5307 |   0.0 |       0 |      43 |   0.0 |  1326
          D:12 |       0 |    7408 |   0.0 |       0 |      76 |   0.0 |  1589
          D:13 |       0 |   13273 |   0.0 |       0 |      55 |   0.0 |  1844
        Lair:1 |       0 |    2564 |   0.0 |       0 |       9 |   0.0 |   656
        Lair:2 |       0 |    3426 |   0.0 |       0 |      15 |   0.0 |   864
        Lair:3 |       0 |    3929 |   0.0 |       0 |      16 |   0.0 |   952
        Lair:4 |       0 |    9440 |   0.0 |       0 |      34 |   0.0 |  1690
        Lair:5 |       0 |   14849 |   0.0 |       0 |      48 |   0.0 |  2657
        Lair:6 |       0 |   32307 |   0.0 |       0 |      88 |   0.0 |  3127
      Shoals:1 |       0 |   13517 |   0.0 |       0 |      27 |   0.0 |  2028
      Shoals:2 |       0 |   25609 |   0.0 |       0 |      55 |   0.0 |  3240
      Shoals:3 |       0 |    5801 |   0.0 |       0 |      10 |   0.0 |   346
         Orc:1 |       0 |    2296 |   0.0 |       0 |      16 |   0.0 |   557
         Orc:2 |       0 |    8660 |   0.0 |       0 |      32 |   0.0 |  1254
           Lab |       0 |    1269 |   0.0 |       0 |       1 |   0.0 |  1397
         Sewer |       0 |     108 |   0.0 |       0 |       6 |   0.0 |   508
               +---------+---------+-------+---------+---------+-------+---------
